 Dungeon Crawl Stone Soup version 0.31.0-9-g3a7656b989 (webtiles) character file.

Game seed: 6267388141036282735

76 qw the Shooter (level 4, -1/22 HPs)
             Began as a Spriggan Hunter on Feb 2, 2024.
             Slain by a gnoll
             ... wielding a +0 halberd
              (11 damage)
             ... on level 2 of the Dungeon.
             The game lasted 00:00:03 (1144 turns).

qw the Shooter (Spriggan Hunter)                    Turns: 1144, Time: 00:00:04

Health: -1/22      AC:  2    Str:  7    XL:     4   Next: 12%
Magic:  5/5        EV: 19    Int: 10    God:
Gold:   79         SH:  0    Dex: 20    Spells: 3/3 levels left

rFire   . . .        a - +0 shortbow
rCold   + + .        (shield currently unavailable)
rNeg    . . .        c - +0 robe
rPois   .            (helmet restricted)
rElec   .            (no cloak)
rCorr   .            (gloves unavailable)
SInv    +            (boots unavailable)
Will    .....        (no amulet)
Stlth   ++           k - ring of protection from cold
HPRegen 0.23/turn    m - ring of protection from cold
MPRegen 0.09/turn

%: no passive effects
@: very quick
A: very small, no large weapons, unfitting armour, see invisible, speed 3
a: no special abilities


You were on level 2 of the Dungeon.
You visited 1 branch of the dungeon, and saw 2 of its levels.

You collected 79 gold pieces.


Innate Abilities, Weirdness & Mutations

You are very small and have problems with some larger weapons.
You are too small for most types of armour.
You have supernaturally acute eyesight. (SInv)
You cover ground extremely quickly. (Speed+++)


   Skills:
 - Level 1.5 Fighting
 - Level 5.1 Ranged Weapons
 + Level 4.2 Dodging
 - Level 1.5 Stealth


You had 3 spell levels left.
You didn't know any spells.
Your spell library was empty.

Inventory:

Hand Weapons
 a - a +0 shortbow (weapon)
Armour
 c - a +0 robe (worn)
Jewellery
 b - an amulet of guardian spirit
 k - a ring of protection from cold (left hand)
 m - a ring of protection from cold (right hand)
Scrolls
 d - a scroll of teleportation
Potions
 i - a potion of heal wounds
 l - a potion of curing

Dungeon Overview and Level Annotations

Branches:
Dungeon (2/15)

Altars:


Message History

You kill the gnoll!
Your Ranged Weapons skill increases to level 5!
A gnoll comes into view. It is wielding a +0 halberd.
The gnoll moves out of view.
A gnoll comes into view. It is wielding a +0 club.
Things that are here:
a +0 dagger; a goblin corpse You shoot an arrow.
The gnoll shouts!
The arrow hits the gnoll.
The gnoll is moderately wounded.
You hear a shout!
You shoot an arrow.
The arrow hits the gnoll but does no damage.
The gnoll is moderately wounded.
You shoot an arrow. The arrow hits the gnoll.
The gnoll is moderately wounded.
You shoot an arrow. The arrow completely misses the gnoll.
The arrow barely misses the gnoll.
You shoot an arrow.
The arrow hits the gnoll but does no damage.
The gnoll is moderately wounded.
You shoot an arrow. The arrow closely misses the gnoll.
The arrow hits the gnoll but does no damage.
The gnoll hits you with a +0 club.
You shoot an arrow. The arrow hits the gnoll.
The gnoll is severely wounded.
The gnoll hits you with a +0 club. The gnoll barely misses you.
You shoot an arrow. The arrow closely misses the gnoll.
The arrow completely misses the gnoll.
The gnoll barely misses you. The gnoll completely misses you.
You shoot an arrow. The arrow hits the gnoll!
You kill the gnoll!
The gnoll barely misses you.
You have reached level 4!
You shoot an arrow. The arrow hits the gnoll!
The gnoll is heavily wounded.
The gnoll hits you from afar with a +0 halberd!
Ouch! That really hurt!
You die...

###
#.#
#.#
#.#
#.#
#.#
#.#
#.#
#.#
#.#
#.#
#.#
#g#
#.#
#)#
#.#
#@#
#.#
#.#
#.#
#.#
#.#
#.#
#.#
#.#
#.#
#.#
#.#
#.#
#.#
#.#
#%#
#.#
#.#


You could see a gnoll.

Vanquished Creatures
  Robin (D:2)
  2 gnolls (D:2)
  A dart slug (D:1)
  3 endoplasms (D:2)
  12 goblins
  6 hobgoblins
  2 jackals (D:1)
  A quokka (D:1)
  2 ball pythons (D:2)
  5 frilled lizards
  A kobold (D:1)
  7 rats
43 creatures vanquished.

Notes
Turn   | Place    | Note
-------+----------+-------------------------------------------
     0 | D:1      | qw the Spriggan Hunter began the quest for the Orb.
     0 | D:1      | Reached XP level 1. HP: 10/10 MP: 2/2
     0 | D:1      | 0 ||| qw: Version: 0.3-a-155-g5e7d8dd
     0 | D:1      | 0 ||| qw: Game counter: 1782
     0 | D:1      | 0 ||| qw: Melee chars always use a shield: true
     0 | D:1      | 0 ||| qw: God list: Okawaru
     0 | D:1      | 0 ||| qw: Allow faded altars: false
     0 | D:1      | 0 ||| qw: Do Orc after clearing Dungeon:15 true
     0 | D:1      | 0 ||| qw: Do second Lair branch before Depths: true
     0 | D:1      | 0 ||| qw: Lair rune preference: random
     0 | D:1      | 0 ||| qw: Goals: Normal
     0 | D:1      | 0 ||| PLANNING D:1-11
    50 | D:1      | Reached skill level 3 in Dodging
   157 | D:1      | Reached XP level 2. HP: 14/14 MP: 3/3
   210 | D:1      | Found a faded altar of an unknown god.
   690 | D:1      | 690 ||| UPGRADING to ring of protection from cold.
   691 | D:1      | 691 ||| UPGRADING to ring of protection from cold.
   692 | D:1      | 692 ||| READING 2 scrolls labelled UNICAN QOPIOCY.
   697 | D:1      | 697 ||| READING scroll labelled RUUNGEVARU.
   798 | D:1      | 798 ||| READING scroll labelled PAEMOE XURA.
   799 | D:1      | 799 ||| READING scroll labelled VOXECOYTUYPS.
   800 | D:1      | 800 ||| READING scroll labelled ROSIVV ZOAMYM.
   801 | D:1      | 801 ||| READING 2 scrolls labelled TYMMEH PEAQI.
   801 | D:1      | 801 ||| IDENTIFYING pink potion
   802 | D:1      | 802 ||| READING scroll of identify.
   802 | D:1      | 802 ||| IDENTIFYING inky potion
   803 | D:1      | 803 ||| DROPPING scroll of butterflies.
   842 | D:2      | Noticed Robin
   856 | D:2      | Killed Robin
   857 | D:2      | Reached XP level 3. HP: 13/18 MP: 4/4
  1133 | D:2      | Reached skill level 5 in Ranged Weapons
  1144 | D:2      | Reached XP level 4. HP: 10/22 MP: 5/5
  1144 | D:2      | Slain by a gnoll

Levels and vault maps discovered:
D:1:      sevenhm_arrival_forest_fort_large_3, layout_basic,
          hellmonk_ecumenical_altar_inner_sanctum
D:2:      layout_basic, minmay_fractal_squares_gapless_5,
          uniq_crazy_yiuf_cottage, uniq_robin, uniq_natasha

Skill      XL: |  1  2  3 |
---------------+----------+-----
Dodging        | 3 4 |  4.2
Ranged Weapons | 5 |  5.1
Fighting       | |  1.5
Stealth        | |  1.5

Action                     |  1- 3 |  4- 6 || total
---------------------------+-------+-------++-------
   Fire: Shortbow          |   107 |     1 ||   108
    Use: Scroll            |     7 |       ||     7
 Armour: Robe              |     9 |     1 ||    10
  Dodge: Dodged            |    27 |       ||    27

Table legend:
 A = Non-vault XP
 B = Vault XP
 C = Vault XP percentage of total XP
 D = Non-vault monster count
 E = Vault monster count
 F = Vault count percentage of total count
                 A         B        C        D         E       F
            +---------+---------+-------+---------+---------+-------
      Total |      83 |      26 |  23.9 |      36 |       7 |  16.3
            +---------+---------+-------+---------+---------+-------
        D:1 |      33 |       0 |   0.0 |      18 |       0 |   0.0
        D:2 |      50 |      26 |  34.2 |      18 |       7 |  28.0
            +---------+---------+-------+---------+---------+-------
